 Dungeon Crawl Stone Soup version 0.31-a0-851-g7ff8af7976 (webtiles) character file.

Game seed: 2967167825458769123

160 BinkBink the Trooper (level 5, -7/47 HPs)
             Began as a Minotaur Fighter on Oct 7, 2023.
             Engulfed by a steam dragon's steam (8 damage)
             ... on level 6 of the Dungeon.
             The game lasted 00:02:46 (2568 turns).

BinkBink the Trooper (Minotaur Fighter)             Turns: 2568, Time: 00:02:47

Health: -7/47      AC: 12    Str: 22    XL:     5   Next: 17%
Magic:  4/4        EV:  6    Int:  5    God:
Gold:   122        SH:  4    Dex: 10    Spells: 4/4 levels left

rFire   . . .        a - +0 long sword
rCold   . . .        c - +0 buckler
rNeg    . . .        s - +0 plate armour
rPois   .            (helmet restricted)
rElec   .            (no cloak)
rCorr   .            (no gloves)
SInv    .            (no boots)
Will    .....        n - amulet of regeneration Stlth
                     (no ring)
HPRegen 1.07/turn    (no ring)
MPRegen 0.09/turn

%: no passive effects
@: no status effects
A: horns 2, retaliatory headbutt
a: no special abilities


You were on level 6 of the Dungeon.
You visited 1 branch of the dungeon, and saw 4 of its levels.

You collected 122 gold pieces.

Inventory:

Hand Weapons
 a - a +0 long sword (weapon)
Armour
 c - a +0 buckler (worn)
 s - a +0 plate armour (worn)
Jewellery
 i - a ring of fire
 n - an amulet of regeneration (around neck)
Scrolls
 f - 2 scrolls of identify {unknown}
 k - a scroll of blinking
 o - a scroll of immolation {unknown}
 p - 4 scrolls of teleportation {unknown}
 q - a scroll of brand weapon {unknown}
 r - a scroll of fog {unknown}
Potions
 d - 2 potions of might
 e - 3 potions of cancellation {unknown}
 g - 2 potions of invisibility {unknown}
 h - a potion of haste {unknown}
 j - a potion of degeneration {unknown}
 l - a potion of mutation {unknown}
 m - a potion of attraction {unknown}


   Skills:
 + Level 4.7 Fighting
 + Level 3.8 Long Blades
 + Level 4.7 Armour
 + Level 4.7 Shields


You had 4 spell levels left.
You didn't know any spells.
Your spell library contained the following spells:

 Spells                   Type           Power      Damage    Failure   Level
 Summon Ice Beast         Ice/Summ       0%         N/A       100%        4
 Vhi's Electric Charge    Tloc/Air       0%         N/A       100%        4
 Arcjolt                  Conj/Air       0%         1d10      100%        5
 Summon Mana Viper        Hex/Summ       0%         N/A       100%        5
 Plasma Beam              Fire/Air       0%         2x1d10    100%        6
 Simulacrum               Ice/Necr       0%         N/A       100%        6
 Monstrous Menagerie      Summ           0%         N/A       100%        7
 Ozocubu's Refrigeration  Ice            0%         4d7       100%        7
 Polar Vortex             Ice            0%         N/A       100%        9


Dungeon Overview and Level Annotations

Branches:
Dungeon (3/15)

Altars:
Okawaru
Ru
Uskayaw
Vehumet
Xom


Innate Abilities, Weirdness & Mutations

You have a pair of horns on your head.
You reflexively headbutt those who attack you in melee.


Message History

The ball of steam hits you!
* * * LOW HITPOINT WARNING * * *
You are engulfed in a cloud of scalding steam.
The steam dragon breathes steam at you. The ball of steam hits you.
* * * LOW HITPOINT WARNING * * *
The steam dragon breathes steam at you. The ball of steam hits you.
* * * LOW HITPOINT WARNING * * *
The steam dragon bites you but does no damage.
The steam dragon claws you but does no damage.
A dart slug comes into view.
A wight comes into view. It is wielding a +3 short sword.
A wight comes into view. It is wielding a +0 mace.
Unknown command.
Blink to where?
Press: ? - help, Dir - move target
As you read the scroll labelled ESUS JAUMIOWK, it crumbles to dust.
It was a scroll of blinking.
The steam dragon attacks as it pursues you!
The steam dragon barely misses you.
The steam dragon claws you but does no damage.
The steam dragon breathes steam at you. The ball of steam hits you.
* * * LOW HITPOINT WARNING * * *
The steam dragon breathes steam at you. The ball of steam hits you.
You are engulfed in a cloud of scalding steam.
The steam dragon breathes steam at you. The ball of steam hits you!
* * * LOW HITPOINT WARNING * * *
Found a hide-covered altar of Uskayaw.
Found a radiant altar of Vehumet.
An adder comes into view.
The steam dragon breathes steam at you. The ball of steam hits you!
* * * LOW HITPOINT WARNING * * *
Found a stone staircase leading up.
You are engulfed in a cloud of scalding steam.
You die...

.#.######...........#
.#.# #...####.###..#
.#.# .........D# .z.#
#####.##..# §###
#.....### .#####
##...§§§# .....#
#...§§§# ..##§#
#.._§§§# ...#.#
#..8..@# ####.z
#.S.._..#......< ###z
#.#.....#.##....
......###...# ..
...## #.#.# ~~. ..#..
~≈~ ## .. ..


You could see an adder (wandering).

Vanquished Creatures
  4 gnolls (D:3)
  6 adders
  4 worms
  A dart slug (D:1)
  2 bats
  3 endoplasms
  2 giant cockroaches (D:2)
  9 goblins
  5 hobgoblins
  2 jackals (D:2)
  6 kobolds
  A quokka (D:1)
  6 ball pythons
  4 frilled lizards
  3 rats
58 creatures vanquished.

Notes
Turn   | Place    | Note
-------+----------+-------------------------------------------
     0 | D:1      | BinkBink the Minotaur Fighter began the quest for the Orb.
     0 | D:1      | Reached XP level 1. HP: 19/19 MP: 0/0
   278 | D:1      | Reached XP level 2. HP: 27/27 MP: 1/1
  1135 | D:2      | Reached XP level 3. HP: 29/33 MP: 2/2
  1397 | D:2      | Reached XP level 4. HP: 40/41 MP: 3/3
  2008 | D:3      | Found an iron altar of Okawaru.
  2052 | D:3      | Found a sacrificial altar of Ru.
  2154 | D:3      | Reached XP level 5. HP: 35/47 MP: 4/4
  2510 | D:3      | Found a shimmering altar of Xom.
  2510 | D:3      | You fall into a shaft and drop 3 floors!
  2512 | D:6      | Noticed a steam dragon
  2561 | D:6      | Found a hide-covered altar of Uskayaw.
  2562 | D:6      | Found a radiant altar of Vehumet.
  2567 | D:6      | HP: 1/47 [something/ball of steam (17)]
  2568 | D:6      | Engulfed by a steam dragon's steam

Illustrated notes

Levels and vault maps discovered:
D:1:      nagdon_arrival_double_spiral, layout_basic, dk_noncrumbling_2,
          minmay_misc_feat_ornament, nicolae_the_louvre
D:2:      layout_basic, minmay_randomly_rotated_circles
D:3:      layout_loops_corners, mainiacjoe_overflow_alcove_1,
          general_overflow_altar, mainiacjoe_overflow_paths, serial_aquarium,
          aquarium_bridge_square [aquarium_subvault_bridge,
          aquarium_subvault_balcony, aquarium_subvault_bridge,
          aquarium_subvault_window], aquarium_bridge_island_small
          [aquarium_subvault_small_open, aquarium_subvault_bridge,
          aquarium_subvault_wall, aquarium_subvault_window,
          aquarium_subvault_balcony], aquarium_window_1, aquarium_window_corner,
          aquarium_view_2f, aquarium_balcony_3a, aquarium_pool_2
D:6:      kennysheep_slugbush, layout_basic, mainiacjoe_overflow_boulevard,
          chequers_temple_overflow_statue_of_worship, temple_hall,
          grunt_decor_one_mirror, nicolae_elevator_lobby_plus

Skill      XL: |  1  2 |
---------------+-------+-----
Fighting       | 4 |  4.7
Shields        | 4 |  4.7
Armour         | 4 |  4.7
Long Blades    | 3 |  3.8

Action                     |  1- 3 |  4- 6 || total
---------------------------+-------+-------++-------
  Melee: Long sword        |    87 |    72 ||   159
         Headbutt          |    16 |     8 ||    24
    Use: Scroll            |       |     1 ||     1
 Armour: Scale mail        |    65 |    41 ||   106
         Plate armour      |       |    24 ||    24
  Dodge: Dodged            |    28 |    24 ||    52
  Block: Buckler           |    15 |    17 ||    32

Table legend: (Time is in decaauts)
 A = Elapsed time spent in this place.
 B = Non-inter-level travel time spent in this place.
 C = Inter-level travel time spent in this place.
 D = Time resting spent in this place.
 E = Time spent auto-exploring this place.
 F = Levels seen in this place.
 G = Mean time per level.
                   A        B        C        D        E       F      G
               +--------+--------+--------+--------+--------+-----+--------+
         Total |   2682 |   2578 |    104 |      0 |   2134 |   4 |  670.5 |
       Dungeon |   2682 |   2578 |    104 |      0 |   2134 |   4 |  670.5 |
               +--------+--------+--------+--------+--------+-----+--------+

Top non-repeatable levels by time:
     D:1: 1056 daAuts
     D:2: 1046 daAuts
     D:3: 520 daAuts
     D:6: 58 daAuts
